 Dungeon Crawl Stone Soup version 0.23.0 (webtiles) character file.

Game seed: 16776413144084587370

37101 Seven the Convoker (level 13, -4/85 HPs)
             Began as a Tengu Summoner on Feb 14, 2019.
             Was a High Priest of Ashenzari.
             Slain by a two-headed ogre
             ... wielding a +0 giant spiked club
              (10 damage)
             ... on level 1 of the Orcish Mines.
             The game lasted 02:05:43 (31081 turns).

Seven the Convoker (Tengu Summoner)                Turns: 31081, Time: 02:05:43

Health: -4/85      AC: 11    Str:  9    XL:     13   Next: 94%
Magic:  27/37      EV: 23    Int: 21    God:    Ashenzari [*****.]
Gold:   2399       SH:  0    Dex: 14    Spells: 19/32 levels left

rFire    + . .     SeeInvis +   E - staff of wizardry {!a}
rCold    + + .     Gourm    .   (no shield)
rNeg     . . .     Faith    .   o - +3 ring mail "Riunol" {rPois rC+ MR+ SInv}
rPois    +         Spirit   .   h - +2 hat
rElec    .         Reflect  .   B - scarf {rC+ rF+} (curse)
rCorr    .         Harm     .   j - +0 pair of gloves
MR       +....     Clarity  +   (boots unavailable)
Stlth    +.........             W - amulet of regeneration
HPRegen  0.64/turn              I - +4 ring of evasion
MPRegen  0.25/turn              N - ring of magical power (curse)

@: flying quickly and evasively, quick
A: beak, talons 3, able to fly
a: Stop Flying, Curse Item, Scrying, Transfer Knowledge, Renounce Religion


You were on level 1 of the Orcish Mines.
You worshipped Ashenzari.
Ashenzari was extremely pleased with you.
You were not hungry.

You visited 4 branches of the dungeon, and saw 21 of its levels.

You collected 2399 gold pieces.

Inventory:

Hand Weapons
 V - a +0 blowgun
   (You took it off Sonja on level 5 of the Lair of Beasts)
Missiles
 L - 3 throwing nets (quivered) {!f}
 U - 7 curare-tipped needles {!f}
Armour
 h - a +2 hat (worn)
   (You found it on level 1 of the Orcish Mines)
 j - a +0 pair of gloves (worn)
   (You found it on level 2 of the Dungeon)
 o - the +3 ring mail "Riunol" (worn) {rPois rC+ MR+ SInv}
   (You found it on level 6 of the Lair of Beasts)

   It protects you from cold.
   It protects you from poison.
   It affects your resistance to hostile enchantments.
   It lets you see invisible.
 B - a cursed scarf of resistance (worn)
   (You found it on level 7 of the Dungeon)
 S - +0 steam dragon scales
   (You found it on level 6 of the Lair of Beasts)
 X - +0 acid dragon scales
   (You found it on level 6 of the Lair of Beasts)
Magical Staves
 E - an uncursed staff of wizardry (weapon) {!a}
   (You found it on level 8 of the Dungeon)
Jewellery
 i - an uncursed ring of protection from fire
   (You found it on level 11 of the Dungeon)
 I - a +4 ring of evasion (left hand)
   (You found it on level 5 of the Dungeon)
 N - a cursed ring of magical power (right hand)
   (You found it on level 11 of the Dungeon)
 Q - an uncursed ring of ice
   (You found it on level 1 of the Lair of Beasts)
 W - an amulet of regeneration (around neck)
   (You found it on level 5 of the Lair of Beasts)
Wands
 d - a wand of iceblast (20)
   (You took it off Harold on level 9 of the Dungeon)
 r - a wand of enslavement (5)
   (You took it off an orc on level 1 of the Orcish Mines)
 t - a wand of flame (28)
   (You took it off an orc on level 1 of the Orcish Mines)
 u - a wand of paralysis (3)
   (You found it on level 9 of the Dungeon)
 x - a wand of acid (22)
   (You found it on level 9 of the Dungeon)
 O - a wand of scattershot (4)
   (You found it on level 1 of the Lair of Beasts)
 P - a wand of clouds (11)
   (You found it on level 1 of the Lair of Beasts)
Scrolls
 c - 3 scrolls of enchant weapon {unknown}
 f - 8 scrolls of teleportation {@r4}
 l - 2 scrolls of identify {@r1}
 m - 2 scrolls of remove curse {@r2}
 q - 3 scrolls of fog {unknown}
 s - 2 scrolls of magic mapping {unknown}
 v - 2 scrolls of vulnerability {unknown}
 y - 4 scrolls of amnesia
 z - 2 scrolls of fear {unknown}
 C - a scroll of summoning {unknown}
 T - 4 scrolls of enchant armour {unknown}
 Y - a scroll of immolation {unknown}
 Z - 4 scrolls of blinking {unknown}
Potions
 a - 3 potions of resistance
 b - 2 potions of cancellation {unknown}
 g - a potion of lignification {!q}
 k - 2 potions of brilliance
 n - a potion of invisibility
 p - 3 potions of mutation {!q}
 w - 2 potions of berserk rage
 D - 2 potions of flight {unknown}
 F - 4 potions of haste {@q3}
 H - 2 potions of curing {unknown}
 J - 2 potions of agility
 K - a potion of ambrosia
 M - a potion of might {unknown}
Miscellaneous
 R - a lamp of fire
   (You found it on level 4 of the Lair of Beasts)
Comestibles
 e - 22 rations {!d}
 A - 2 chunks of flesh


   Skills:
 + Level 11.9 Fighting
 + Level 12.3 Dodging
 - Level 2.0 Stealth
 - Level 10.0 Spellcasting
 - Level 15.0 Summonings
 + Level 6.2 Air Magic


You had 19 spell levels left.
You knew the following spells:

 Your Spells              Type           Power        Failure   Level  Hunger
c - Call Canine Familiar  Summ           ######..     1%          3    None
d - Summon Ice Beast      Ice/Summ       #####...     3%          4    ##.....
x - Call Imp              Summ           ######..     1%          2    None
z - Summon Lightning Spi  Summ/Air       ######..     1%          4    ##.....

Your spell library contained the following spells:

 Spells                   Type           Power        Failure   Level  Hunger
 Summon Small Mammal      Summ           ####         1%          1    None
 Summon Guardian Golem    Hex/Summ       #####...     1%          3    None
 Animate Skeleton         Necr           N/A          8%          1    None
 Corona                   Hex            ##.....      8%          1    None
 Magic Dart               Conj           ##..         8%          1    None
 Pain                     Necr           ##..         8%          1    None
 Mephitic Cloud           Conj/Pois/Air  ###.....     9%          3    None
 Blink                    Tloc           N/A          11%         2    None
 Ensorcelled Hibernation  Hex/Ice        ##....       11%         2    None
 Slow                     Hex            ##......     11%         2    None
 Confuse                  Hex            ##......     21%         3    None
 Conjure Flame            Conj/Fire      ##......     21%         3    None
 Dazzling Spray           Conj/Hex       ##....       21%         3    None
 Regeneration             Chrm/Necr      ##........   21%         3    None
 Tukima's Dance           Hex            ##......     21%         3    None
 Vampiric Draining        Necr           ##........   21%         3    None
 Animate Dead             Necr           N/A          54%         4    ##.....


Dungeon Overview and Level Annotations

Branches:
Dungeon (12/15)            Temple (1/1) D:4            Lair (6/6) D:10
  Swamp (0/4) Lair:4        Snake (0/4) Lair:4        Slime (0/5) Lair:6
    Orc (2/2) D:12            Elf (0/3) Orc:2

Altars:
Ashenzari
Cheibriados
Dithmenos
Fedhas
Gozag
Hepliaklqana
Makhleb
Nemelex Xobeh
Okawaru
Qazlal
Ru
Sif Muna
Trog
Uskayaw
Vehumet
Wu Jian
Xom
Yredelemnul
Zin
Jiyva

Shops:
D:12 :   Orc:2 [([(

Annotations:
D:6 2 runed translucent doors
Lair:1 3 runed translucent doors, Ponchio's ghost, journeyman GrFi
Lair:2 1 runed translucent door, JOKERXD40's ghost, journeyman MiBe


Innate Abilities, Weirdness & Mutations

You have a beak for a mouth.
You have claws for feet.
You can fly continuously.


Message History

An electric hum fills the air.
The ogre shouts!
The ogre mage misses you.
The ogre mage hits you but does no damage.
Your lightning spire shoots out a bolt of lightning at the two-headed ogre!
The bolt of electricity hits the two-headed ogre! x2
The bolt of electricity hits your lightning spire.
Your lightning spire completely resists.
The ogre mage casts a spell.
The ogre mage flickers and vanishes for a moment.
The two-headed ogre hits your lightning spire with a +0 giant club.
The two-headed ogre hits your lightning spire with a cursed +0 giant club!
Your lightning spire shoots out a bolt of lightning at the two-headed ogre!
The bolt of electricity hits the two-headed ogre!!
The bolt of electricity hits the two-headed ogre! x2
The bolt of electricity hits the two-headed ogre!!
The two-headed ogre hits your lightning spire with a +0 giant club!!
Your lightning spire is destroyed!
The two-headed ogre shouts in stereo!
The ogre mage shouts!
You hear a shout!
You hear two shouts!
The ogre mage gestures at you while chanting.
The bolt of lightning hits you!!
* * * LOW HITPOINT WARNING * * *
The ogre mage casts a spell at the ogre.
The ogre seems to speed up.
The two-headed ogre shouts in stereo!
The ogre mage gestures at the two-headed ogre while chanting.
The two-headed ogre seems to speed up.
The ogre hits you with a +0 giant spiked club!
* * * LOW HITPOINT WARNING * * *
The ogre mage points at you and mumbles some strange words.
The bolt of lightning misses you.
The ogre mage casts a spell at the two-headed ogre.
The two-headed ogre seems to speed up.
Some of the chunks of flesh in your inventory have rotted away.
There is a stone staircase leading up, spattered with blood here.
The two-headed ogre completely misses you.
The two-headed ogre hits you with a +0 giant spiked club!
* * * LOW HITPOINT WARNING * * *
The ogre mage hits you from afar with a +0 spear.
* * * LOW HITPOINT WARNING * * *
The two-headed ogre hits you with a +0 giant spiked club!
* * * LOW HITPOINT WARNING * * *
The two-headed ogre barely misses you.
You fly upwards.
There is a stone staircase leading down here.
The two-headed ogre closely misses you.
The two-headed ogre hits you but does no damage.
The two-headed ogre hits you with a +0 giant spiked club!
You die...

......................#......#.##
..............#..).........#####
.[...#.##....#...[.....^.#..##
#.......###.........[........##
.#.#.#..####..................#
######.....###.........[#....##
### ##..)..........#.........#
#.####.........OO...##.....#..##
....#.#........#@.........##...#
....................#......##.##
#.#.#.#..##.........##.#..#####
############.....#.#####.## #
#......## #...# # ##.#..## #...#
###### ##.## ###


You could see 2 two-headed ogres.

Vanquished Creatures
  A water moccasin (D:7)
  An iguana (Lair:6)
  2 gnolls (D:6)
  An adder (D:2)
  An ooze (D:1)
  An orc (D:5)
  2 bats
  A frilled lizard (D:5)
  A jackal skeleton (D:5)
  2 rats (D:1)
13 creatures vanquished.

Vanquished Creatures (collateral kills)
  A fire dragon (Lair:6)
  4 hydras
  Harold (D:9)
  Erica (Orc:1)
  A catoblepas (Lair:6)
  10 two-headed ogres
  A centaur warrior (D:11)
  An ogre mage (Orc:1)
  9 death yaks
  Sonja (Lair:5)
  5 skeletal warriors (D:12)
  2 swamp dragons
  A lindwurm (Lair:4)
  2 deep elf magi (Orc:1)
  2 orc sorcerers
  5 oklob plants (Lair:5)
  3 ugly things
  2 manticores (Lair:6)
  8 black mambas
  11 elephants
  4 centaur zombies
  2 torpor snails
  10 spiny frogs
  20 rime drakes
  8 komodo dragons
  3 kobold demonologists
  4 trolls
  8 blink frogs
  2 slime creatures (Lair:5)
  2 dream sheep (Lair:6)
  7 hippogriffs
  A spriggan (D:7)
  22 yaks
  A wyvern (D:11)
  7 basilisks
  5 hungry ghosts
  7 steam dragons
  9 vampire mosquitoes
  2 nagas (Lair:4)
  2 wargs (Orc:1)
  3 swamp worms (Lair:5)
  2 acid dragons (Lair:6)
  11 water moccasins
  6 porcupines
  Duvessa (D:7)
  3 swamp drakes
  A soldier ant (D:11)
  An eye of draining (D:12)
  5 sky beasts
  8 ice beasts
  4 phantoms
  A black bear (Lair:3)
  10 orc warriors
  25 ogres
  5 wolves
  4 centaurs
  9 crocodiles
  3 big kobolds
  19 bullfrogs
  A gnoll sergeant (D:6)
  A wyvern zombie (D:6)
  A wyvern skeleton (D:10)
  Dowan (D:7)
  3 scorpions
  3 wights (D:9)
  5 howler monkeys
  3 crimson imps
  5 hounds
  2 jellies
  Crazy Yiuf (D:7)
  2 gnoll shamans
  An iron imp (Orc:1)
  12 orc priests
  26 orc wizards
  3 bullfrog skeletons
  3 centaur skeletons
  8 iguanas
  12 worker ants
  A worker ant zombie (D:9)
  Robin (D:2)
  7 adders
  12 gnolls
  2 shadow imps
  A white imp (Orc:1)
  An adder skeleton (D:9)
  4 worms
  A dart slug (D:3)
  5 leopard geckos
  50 orcs
  3 ball pythons
  6 giant cockroaches
  13 goblins
  10 hobgoblins
  2 jackals (D:3)
  2 quokkas
  5 bats
  3 frilled lizards
  16 kobolds
  A leopard gecko zombie (D:7)
  A quokka skeleton (D:4)
  4 rats
  3 fungi
  A plant (Lair:5)
566 creatures vanquished.

Vanquished Creatures (others)
  An alligator (Lair:5)
  A rime drake (Lair:4)
  A swamp worm (Lair:5)
  An orc priest (Orc:2)
  An orc (Orc:1)
  6 fungi
  9 plants
20 creatures vanquished.

Grand Total: 599 creatures vanquished

Notes
Turn   | Place    | Note
-------+----------+-------------------------------------------
     0 | D:1      | Seven the Tengu Summoner began the quest for the Orb.
     0 | D:1      | Reached XP level 1. HP: 10/10 MP: 4/4
    53 | D:1      | Reached skill level 5 in Summonings
   429 | D:1      | Reached XP level 2. HP: 16/16 MP: 3/6
   439 | D:1      | Learned a level 2 spell: Call Imp
  1266 | D:2      | Reached skill level 1 in Fighting
  1266 | D:2      | Reached XP level 3. HP: 17/20 MP: 3/7
  1363 | D:2      | Noticed Robin
  1403 | D:2      | Killed Robin
  2184 | D:3      | Learned a level 3 spell: Call Canine Familiar
  2256 | D:3      | Found a radiant altar of Vehumet.
  2262 | D:3      | Found a hide-covered altar of Uskayaw.
  2286 | D:3      | Reached XP level 4. HP: 25/25 MP: 0/8
  2887 | D:3      | Reached skill level 6 in Summonings
  3408 | D:4      | Got a slimy scale mail
  3425 | D:4      | Found an iron altar of Okawaru.
  3463 | D:4      | Noticed a phantom
  3541 | D:4      | Killed a phantom
  3541 | D:4      | Gained mutation: You can fly continuously. [Tengu growth]
  3541 | D:4      | Reached XP level 5. HP: 12/30 MP: 2/10
  3754 | D:4      | Found a staircase to the Ecumenical Temple.
  3793 | Temple   | Entered the Ecumenical Temple
  3856 | Temple   | Became a worshipper of Ashenzari the Shackled
  4377 | D:5      | Entered Level 5 of the Dungeon
  4434 | D:5      | Noticed an ogre
  4451 | D:5      | Killed an ogre
  4451 | D:5      | Reached skill level 7 in Summonings
  4451 | D:5      | Reached XP level 6. HP: 36/36 MP: 3/11
  4779 | D:5      | Reached * piety under Ashenzari
  4844 | D:5      | Got the uncursed leather armour of the Endless Expanse
                  | {Str+8}
  5442 | D:5      | Identified the +2 leather armour of the Endless Expanse
                  | {Str+8} (You found it on level 5 of the Dungeon)
  5448 | D:5      | Learned a level 4 spell: Summon Lightning Spire
  5451 | D:6      | Noticed a sky beast
  5505 | D:6      | Noticed an ice beast
  5520 | D:6      | Killed an ice beast
  5520 | D:6      | Reached skill level 1 in Air Magic
  5542 | D:6      | Found a runed translucent door.
  5544 | D:6      | Found a runed translucent door.
  5671 | D:6      | Killed a sky beast
  5671 | D:6      | Reached XP level 7. HP: 41/41 MP: 8/13
  5745 | D:6      | Reached skill level 8 in Summonings
  6059 | D:6      | Found an ornate altar of the Wu Jian Council.
  7006 | D:7      | Reached XP level 8. HP: 48/48 MP: 6/15
  7058 | D:7      | Reached ** piety under Ashenzari
  7410 | D:7      | Noticed a spriggan baker
  7417 | D:7      | Killed a spriggan baker
  7503 | D:7      | Noticed Duvessa
  7503 | D:7      | Noticed Dowan
  7513 | D:7      | Killed Dowan
  7675 | D:7      | Killed Duvessa
  8006 | D:7      | Found a basalt altar of Yredelemnul.
  8087 | D:7      | Found a runed translucent door.
  8088 | D:7      | Noticed Crazy Yiuf
  8368 | D:7      | Killed Crazy Yiuf
  8368 | D:7      | Reached skill level 5 in Air Magic
  8591 | D:8      | Reached skill level 9 in Summonings
  8637 | D:8      | Learned a level 4 spell: Summon Ice Beast
  8911 | D:8      | Noticed a two-headed ogre
  8928 | D:8      | Killed a two-headed ogre
  8928 | D:8      | Reached skill level 5 in Spellcasting
  8928 | D:8      | Reached XP level 9. HP: 53/53 MP: 2/17
  9074 | D:8      | Reached skill level 5 in Fighting
  9370 | D:8      | Found a deep blue altar of Sif Muna.
  9423 | D:9      | Noticed a kobold demonologist
  9423 | D:9      | Noticed a troll
  9833 | D:9      | Reached skill level 10 in Summonings
  9947 | D:9      | Found an iron altar of Okawaru.
 10059 | D:9      | Reached skill level 5 in Dodging
 10315 | D:9      | Noticed a hellwing
 10327 | D:9      | Noticed a rust devil
 10451 | D:9      | Killed a kobold demonologist
 10507 | D:9      | Killed a troll
 10622 | D:9      | Noticed Harold
 10636 | D:9      | Killed Harold
 10636 | D:9      | Reached XP level 10. HP: 58/61 MP: 5/20
 11036 | D:10     | Entered Level 10 of the Dungeon
 11240 | D:10     | Noticed a kobold demonologist
 11258 | D:10     | Killed a kobold demonologist
 11264 | D:10     | Noticed a kobold demonologist
 11265 | D:10     | Killed a kobold demonologist
 11802 | D:10     | Reached skill level 11 in Summonings
 11898 | D:10     | Noticed a death yak
 11899 | D:10     | Noticed a death yak
 11902 | D:10     | Noticed a death yak
 11905 | D:10     | Killed a death yak
 11906 | D:10     | Killed a death yak
 11908 | D:10     | Noticed a death yak
 11912 | D:10     | Killed a death yak
 11927 | D:10     | Killed a death yak
 11950 | D:10     | Noticed a death yak
 11952 | D:10     | Noticed a death yak
 12027 | D:10     | Killed a death yak
 12471 | D:10     | Found a staircase to the Lair.
 12546 | D:10     | Killed a death yak
 12927 | D:10     | Noticed a two-headed ogre
 12980 | D:10     | Killed a two-headed ogre
 12980 | D:10     | Reached XP level 11. HP: 68/68 MP: 2/23
 13733 | D:11     | Noticed a cyan ugly thing
 13766 | D:11     | Noticed a cyan ugly thing
 13843 | Lair:1   | Entered Level 1 of the Lair of Beasts
 13847 | Lair:1   | Found a runed translucent gate.
 13847 | Lair:1   | Found a runed translucent gate.
 13847 | Lair:1   | Found a runed translucent gate.
 13858 | Lair:1   | Reached *** piety under Ashenzari
 13948 | Lair:1   | Noticed a minotaur
 13953 | Lair:1   | Noticed Ponchio's ghost (journeyman GrFi)
 14452 | Lair:1   | Reached skill level 12 in Summonings
 15183 | Lair:2   | Found a runed translucent door.
 15198 | Lair:2   | Found a shimmering altar of Xom.
 15198 | Lair:2   | Noticed JOKERXD40's ghost (journeyman MiBe)
 15198 | Lair:2   | Noticed a +1 dire flail of chaos
 17056 | Lair:3   | Reached **** piety under Ashenzari
 18034 | Lair:4   | Found a staircase to the Swamp.
 18621 | Lair:4   | Found a staircase to the Snake Pit.
 18776 | Lair:4   | Reached XP level 12. HP: 76/76 MP: 25/25
 19198 | Lair:4   | Reached skill level 13 in Summonings
 19754 | Lair:5   | Noticed a four-headed hydra
 19773 | Lair:5   | Killed a four-headed hydra
 19832 | Lair:5   | Noticed Sonja
 19851 | Lair:5   | Killed Sonja
 20763 | Lair:5   | Reached skill level 10 in Dodging
 20827 | Lair:5   | Noticed a four-headed hydra
 20840 | Lair:5   | Killed a four-headed hydra
 21027 | Lair:5   | Noticed an alligator
 21039 | Lair:5   | Killed an alligator
 21039 | Lair:5   | Reached skill level 10 in Fighting
 21760 | Lair:6   | Entered Level 6 of the Lair of Beasts
 21778 | Lair:6   | Noticed a six-headed hydra
 21788 | Lair:6   | Killed a six-headed hydra
 22242 | Lair:6   | Noticed a death yak
 22242 | Lair:6   | Noticed a death yak
 22243 | Lair:6   | Noticed a catoblepas
 22329 | Lair:6   | Killed a death yak
 22419 | Lair:6   | Found a viscous altar of Jiyva.
 22419 | Lair:6   | Found a staircase to the Slime Pits.
 23137 | Lair:6   | Reached XP level 13. HP: 83/83 MP: 27/27
 23217 | Lair:6   | Reached skill level 10 in Spellcasting
 23223 | Lair:6   | Reached skill level 14 in Summonings
 24443 | Lair:6   | Noticed a fire dragon
 24537 | Lair:6   | Killed a fire dragon
 25243 | Lair:6   | Got the uncursed ring mail "Riunol" {rPois rC+ MR+ SInv}
 25256 | Lair:6   | Identified the +3 ring mail "Riunol" {rPois rC+ MR+ SInv}
                  | (You found it on level 6 of the Lair of Beasts)
 25259 | Lair:6   | Got the uncursed ring mail "Liaqiome" {*Contam rPois rF+
                  | SInv}
 25704 | D:11     | Reached ***** piety under Ashenzari
 26585 | D:12     | Found Moehoido's Book Shoppe.
 26845 | D:12     | Found a staircase to the Orcish Mines.
 28402 | Orc:1    | Entered Level 1 of the Orcish Mines
 28402 | Orc:1    | Noticed Erica
 28855 | Orc:1    | Killed Erica
 29501 | Orc:2    | Entered Level 2 of the Orcish Mines
 29626 | Orc:2    | Found Zoidghy's Antique Armour Shop.
 30051 | Orc:2    | Reached skill level 15 in Summonings
 30097 | Orc:2    | Found a staircase to the Elven Halls.
 30267 | Orc:2    | Found Giocu's Weapon Shop.
 30291 | Orc:2    | Found Enle's Weapon Shop.
 30333 | Orc:2    | Found Fosek's Armour Shoppe.
 31044 | Orc:2    | Noticed an ogre mage
 31049 | Orc:2    | Noticed an ogre mage
 31079 | Orc:2    | HP: 4/85 [two-headed ogre/+0 giant spiked club (14)]
 31081 | Orc:1    | Slain by a two-headed ogre

Skill      XL: |  1  2  3  4  5  6  7  8  9 10 11 12 13 |
---------------+----------------------------------------+-----
Summonings     | 5 6 7 8 9 10 11 12 13 15 | 15.0
Fighting       | 1 2 3 4 6 7 9 10 11 | 11.9
Spellcasting   | 3 4 5 6 7 8 9 10 | 10.0
Air Magic      | 1 4 5 6 |  6.2
Dodging        | 3 5 7 9 10 12 | 12.3
Stealth        | |  2.0

Action                   |  1- 3 |  4- 6 |  7- 9 | 10-12 | 13-15 || total
-------------------------+-------+-------+-------+-------+-------++-------
Melee: Dagger            |    35 |    22 |    18 |       |       ||    75
       Kick              |     4 |     4 |     6 |       |       ||    14
       Peck              |     4 |     2 |     3 |       |       ||     9
       Staff             |       |       |     1 |       |       ||     1
 Cast: Summon Small Mamm |    40 |     5 |     3 |     1 |       ||    49
       Call Imp          |    18 |    26 |     8 |       |     2 ||    54
       Call Canine Famil |     2 |    19 |    18 |     5 |    17 ||    61
       Summon Lightning  |       |       |    41 |   152 |   125 ||   318
       Summon Ice Beast  |       |       |    20 |   133 |    92 ||   245
Invok: Curse Item        |       |       |     1 |     1 |       ||     2
 Abil: Fly               |       |       |     1 |       |       ||     1
Evoke: Wand              |       |       |       |     2 |     1 ||     3
  Use: Scroll            |       |     6 |       |     6 |     5 ||    17
 Stab: Sleeping          |       |     1 |       |       |       ||     1
  Eat: Chunk             |     5 |     7 |    21 |    39 |    17 ||    89
       Ration            |       |     2 |     2 |     6 |     4 ||    14
Armor: Robe              |    23 |     3 |       |       |       ||    26
       Leather armour    |       |     2 |    11 |    27 |     3 ||    43
       Ring mail         |       |       |       |       |    21 ||    21
Dodge: Dodged            |    60 |    23 |    64 |   226 |   245 ||   618
